Map: Acid Plant LE

Players

Misty

  • Race: Terran Terran
  • League: Gold
  • Spawn Location: 5:00

Kozzy - Winner!

  • Race: Protoss Protoss
  • League: Gold
  • Spawn Location: 11:00

VOD

Have the link to the VOD?

Description

Time

  • Played on: April 3, 2018, 3:15 a.m.
  • Length: 16:30
Show
View Real Time Build Order
Export as new Build Order

Misty Terran 

Build Orders:  

Get SALT Encoding   

  12  0:01  SCV  
  13  0:14  SCV  
  14  0:17  Supply Depot  
  14  0:26  SCV  
  15  0:39  SCV  
  15  0:41  Barracks  
  16  0:51  SCV, Refinery  
  17  1:03  SCV  
  18  1:15  SCV  
  19  1:27  SCV  
  19  1:29  Marine  
  21  1:40  Orbital Command  
  21  1:51  Barracks Reactor  
  21  1:56  Command Center  
  21  2:06  SCV  
  22  2:12  Barracks  
  21  2:30  Marine x2  
  23  2:40  Factory  
  23  2:44  Supply Depot  
  23  3:03  Supply Depot  
  23  3:06  SCV  
  23  3:07  Barracks Tech Lab  
  23  3:10  Orbital Command  
  24  3:18  Marine x2, SCV  
  27  3:28  Starport  
  27  3:32  SCV, Refinery  
  28  3:38  Marauder  
  29  3:44  SCV  
  29  3:48  Marine x2  
  30  4:07  Orbital Command  
  30  4:13  Bunker  
  30  4:19  SCV  
  30  4:22  Factory Tech Lab  
  30  4:23  Starport Reactor  
  31  4:28  Marine  
  32  4:31  SCV  
  33  4:42  SCV  
  33  4:43  SCV  
  33  4:44  Marine x2  
  37  4:54  SCV  
  37  4:57  SCV  
  39  5:00  Medivac x2, Refinery  
  39  5:04  Stimpack  
  39  5:06  SCV  
  44  5:09  Supply Depot  
  44  5:11  SCV  
  44  5:13  Marine x2  
  47  5:18  SCV  
  48  5:24  Bunker  
  48  5:25  Siege Tank  
  51  5:37  Supply Depot  
  51  5:38  Supply Depot  
  51  5:39  SCV  
  51  5:40  SCV  
  51  5:41  Marine  
  51  5:42  Marine x2  
  56  5:51  SCV, Engineering Bay  
  56  5:52  SCV  
  58  5:59  Marine x2  
  58  6:03  SCV  
  61  6:04  Siege Tank  
  61  6:07  Marine  
  65  6:14  Supply Depot  
  65  6:15  Supply Depot  
  65  6:17  Marine, SCV x2  
  68  6:22  Medivac x2  
  74  6:25  Marauder  
  74  6:29  SCV x2  
  76  6:34  Missile Turret  
  76  6:39  Missile Turret  
  76  6:41  SCV x2  
  76  6:46  Siege Tank  
  81  6:53  Barracks, Terran Infantry Weapons Level 1  
  81  6:57  Barracks  
  81  7:01  SCV, Refinery  
  82  7:10  SCV  
  82  7:13  SCV  
  84  7:19  Command Center  
  84  7:22  SCV  
  84  7:25  SCV  
  86  7:51  Barracks Reactor  
  86  7:52  Barracks Reactor  
  86  7:53  Armory  
  86  7:54  Marauder  
  86  7:57  Siege Tank  
  91  8:06  Factory  
  91  8:15  Marine x3  
  91  8:19  Missile Turret  
  94  8:30  Supply Depot  
  94  8:31  Siege Tank, SCV  
  94  8:32  Supply Depot, Marine  
  94  8:33  Marauder  
  101  8:37  Orbital Command  
  101  8:40  Supply Depot  
  101  8:41  Sensor Tower  
  101  8:43  SCV  
  102  8:49  Terran Vehicle Weapons Level 1  
  102  8:51  Factory Tech Lab  
  102  8:55  Marauder  
  104  8:58  SCV x2  
  104  9:01  Marine x5  
  104  9:02  Marine  
  112  9:03  Thor  
  112  9:07  Terran Infantry Weapons Level 2  
  118  9:13  Orbital Command  
  118  9:16  Marine  
  119  9:19  Marine x2  
  121  9:26  SCV  
  121  9:27  SCV  
  123  9:34  Sensor Tower  
  123  9:42  Sensor Tower  
  123  9:44  Missile Turret x3  
  123  9:46  Missile Turret, Thor  
  123  9:51  Hellion  
  131  9:57  SCV x2  
  133  10:05  Supply Depot  
  133  10:09  Supply Depot x2  
  133  10:26  Marine, SCV  
  135  10:40  SCV x3  
  138  10:43  Terran Vehicle And Ship Armor Level 1  
  138  10:46  Sensor Tower  
  138  10:56  Marine x2  
  138  10:57  Marine x4  
  135  10:58  Marauder  
  141  11:11  SCV x2  
  141  11:12  SCV  
  141  11:14  Marine x3  
  147  11:19  Marauder  
  147  11:23  SCV  
  147  11:24  SCV x2  
  152  11:32  Sensor Tower  
  152  11:35  SCV  
  152  11:36  SCV  
  154  11:41  Marauder  
  154  11:42  Marine  
  157  11:52  Marine  
  157  11:53  Marine x4  
  156  12:00  Marine  
  132  12:02  Marauder  
  132  12:04  Thor x2  
  141  12:10  Marine  
  141  12:11  Marine  
  143  12:23  Marauder  
  143  12:24  Refinery x2  
  145  12:30  Sensor Tower  
  145  12:40  Factory, Command Center  
  145  12:43  Factory  
  144  12:44  Factory  
  144  12:45  Marauder  
  144  12:47  Thor  
  152  12:51  Sensor Tower  
  152  13:06  Marauder  
  152  13:10  Sensor Tower  
  146  13:29  Factory Tech Lab x2  
  146  13:30  Factory Tech Lab  
  135  13:49  Barracks Tech Lab  
  135  13:50  Barracks Tech Lab  
  135  13:53  Thor  
  135  13:54  Thor x2  
  153  13:57  Terran Vehicle Weapons Level 2  
  153  14:20  Orbital Command  
  153  14:24  Missile Turret  
  153  14:31  Marine  
  153  14:32  Marine x4  
  153  14:36  Thor  
  163  14:44  Missile Turret  
  163  14:50  Marauder x3  
  169  14:58  Supply Depot  
  169  15:01  SCV  
  169  15:03  SCV x2  
  169  15:05  Missile Turret  
  172  15:10  SCV, Thor  
  172  15:11  Marauder  
  172  15:12  Marauder x2  
  172  15:13  SCV, Thor  
  172  15:14  Supply Depot  
  168  15:18  Supply Depot  
  137  15:21  Supply Depot  
  137  15:23  Supply Depot  
  137  15:25  Refinery  
  137  15:26  SCV  
  117  15:33  Marauder x3  
  87  15:52  Refinery  
  87  15:54  Marauder x3  
Show
View Real Time Build Order
Export as new Build Order

Kozzy Protoss - Winner!

Build Orders:  

Get SALT Encoding   

  12  0:01  Probe  
  13  0:13  Probe  
  14  0:17  Pylon  
  14  0:25  Probe  
  15  0:37  Probe  
  15  0:40  Gateway  
  16  0:47  Assimilator  
  17  0:50  Probe  
  17  1:02  Probe  
  18  1:13  Assimilator  
  18  1:14  Probe  
  18  1:16  Assimilator  
  19  1:26  Probe  
  19  1:31  Cybernetics Core  
  20  1:36  Pylon  
  20  1:38  Probe  
  21  1:50  Probe  
  22  2:02  Probe  
  22  2:06  Stalker (Chrono Boost)  
  23  2:12  Shield Battery  
  23  2:14  Probe  
  26  2:26  Probe  
  27  2:31  Forge  
  27  2:35  Pylon  
  27  2:36  Stalker (Chrono Boost)  
  27  2:38  Probe (Chrono Boost)  
  30  2:51  Probe (Chrono Boost)  
  31  2:57  Probe (Chrono Boost)  
  32  3:00  Gateway  
  32  3:05  Probe  
  32  3:06  Protoss Ground Weapons Level 1 (Chrono Boost)  
  32  3:10  Warp Gate  
  33  3:19  Pylon  
  33  3:20  Probe  
  34  3:41  Nexus  
  34  3:43  Probe  
  35  4:08  Probe  
  32  4:13  Stalker x2  
  36  4:20  Probe  
  36  4:23  Gateway, Robotics Facility  
  37  4:24  Pylon  
  37  4:33  Probe  
  38  4:42  Pylon  
  38  4:45  Probe  
  41  4:57  Probe, Photon Cannon  
  41  4:59  Probe  
  41  5:09  Pylon  
  41  5:11  Assimilator  
  41  5:12  Probe x2, Assimilator  
  43  5:19  Stalker  
  43  5:20  Stalker  
  47  5:24  Probe x2  
  49  5:29  Pylon  
  49  5:35  Pylon, Robotics Bay  
  49  5:41  Probe x2  
  51  5:54  Photon Cannon  
  51  5:55  Shield Battery  
  51  5:56  Pylon  
  51  6:00  Gateway  
  51  6:04  Probe  
  51  6:09  Pylon  
  52  6:22  Colossus (Chrono Boost), Photon Cannon  
  52  6:25  Shield Battery  
  52  6:26  Robotics Facility  
  52  6:28  Extended Thermal Lance (Chrono Boost)  
  58  6:38  Twilight Council  
  58  6:43  Pylon  
  58  6:49  Gateway  
  58  7:02  Probe  
  58  7:03  Colossus  
  58  7:06  Colossus  
  59  7:11  Pylon  
  71  7:17  Stalker  
  71  7:21  Blink (Chrono Boost)  
  71  7:38  Gateway  
  71  7:39  Gateway  
  71  7:51  Zealot x2  
  71  7:52  Zealot  
  71  7:57  Colossus  
  83  8:00  Protoss Ground Weapons Level 2 (Chrono Boost)  
  83  8:01  Gateway  
  83  8:02  Pylon  
  83  8:12  Zealot  
  83  8:13  Zealot  
  87  8:26  Shield Battery  
  87  8:28  Photon Cannon  
  87  8:30  Zealot x2  
  91  8:37  Warp Prism  
  93  8:50  Gateway  
  93  8:53  Pylon x2  
  93  9:00  Colossus  
  99  9:06  Stalker  
  101  9:18  Charge (Chrono Boost)  
  101  9:28  Gateway  
  101  9:30  Zealot x3  
  107  9:52  Protoss Ground Weapons Level 3 (Chrono Boost)  
  107  9:55  Nexus  
  107  9:56  Observer x2  
  107  9:57  Pylon  
  109  10:05  Templar Archives  
  109  10:45  Zealot  
  109  10:46  Zealot x5  
  109  10:47  Zealot x3  
  127  10:55  Immortal (Chrono Boost)  
  115  11:07  Immortal (Chrono Boost)  
  115  11:09  High Templar x3  
  115  11:10  High Templar x2  
  125  11:12  High Templar  
  125  11:14  Archon x2  
  125  11:17  Archon  
  127  11:24  High Templar x2  
  131  11:28  Archon  
  131  11:34  Photon Cannon  
  131  11:36  Shield Battery  
  130  12:10  Stalker x6  
  130  12:11  Stalker  
  130  12:12  Protoss Shields Level 1  
  144  12:16  Immortal (Chrono Boost)  
  144  12:21  Probe  
  149  12:41  Assimilator  
  149  12:45  Photon Cannon  
  149  12:46  Assimilator  
  149  12:49  Shield Battery  
  153  12:51  Immortal (Chrono Boost)  
  153  12:52  Warp Prism (Chrono Boost)  
  155  13:07  Stalker x3  
  155  13:08  Stalker  
  154  13:38  Probe x2  
  156  13:42  Immortal x2  
  164  14:01  Probe x2  
  166  14:03  Zealot x2  
  166  14:04  Zealot x5  
  180  14:15  Protoss Ground Armor Level 1 (Chrono Boost)  
  180  14:20  Pylon  
  180  14:24  Pylon  
  180  14:27  Pylon  
  180  14:38  Colossus  
  186  14:39  Photon Cannon  
  186  14:40  Pylon  
  186  14:43  Pylon  
  186  14:45  Probe x2  
  188  15:06  Immortal  
  170  15:32  Immortal  
Tags
 
League
GoldGold
Matchup
PvT
Spawn Locations
Cross Positions
Add a new tag
Caveats
  • Supply blocks, unpowered buildings, or Contaminate may cause inaccurate times.
  • Supply counts are checked every 10 seconds.